[Event "Titled Tuesday Blitz August 02 Early 2022"]
[White "Janaszak, Dawid"]
[Black "Fernandez Guillen, Ernesto J."]
[WhiteFideId "1119206"]
[BlackFideId "3512428"]
[WhiteElo "2199"]
[BlackElo "2440"]
[Result "1-0"]
[Round "04"]
[TimeControl "180+1"]
[Date "2022.08.02"]
[WhiteClock "0:00:18"]
[BlackClock "0:00:15"]

1. e4 e5 2. Nf3 Nc6 3. d4 exd4 4. Nxd4 g6 5. Nc3 Bg7 6. Be3 Nge7 7. h4 h5 8. Qd2 O-O 9. O-O-O d5 10. Nxc6 bxc6 11. Bh6 Be6 12. Bxg7 Kxg7 13. Be2 dxe4 14. Qxd8 Raxd8 15. Nxe4 Nd5 16. g3 Bf5 17. Bf3 Rfe8 18. Rhe1 Rd7 19. c4 Nb4 20. Rxd7 Bxd7 21. Kd2 f5 22. Nc5 Rxe1 23. Kxe1 Be8 24. a3 Nc2+ 25. Kd2 Nd4 26. Ke3 Nxf3 27. Kxf3 Kf6 28. Kf4 Bf7 29. b3 Be8 30. Na6 Bd7 31. Nxc7 Bc8 32. b4 Bb7 33. b5 cxb5 34. Nxb5 a6 35. Nd4 Bc8 36. c5 a5 37. c6 Ba6 38. Nb3 Ke7 39. Ke5 a4 40. Nc5 Bb5 41. c7 Bd7 42. Nxd7 Kxd7 43. Kf6 Kxc7 44. Kxg6 Kc6 45. Kxh5 Kc5 46. Kg5 Kc4 47. h5 Kb3 48. h6 Kxa3 49. h7 Kb2 50. h8=Q+ Kb3 51. Kxf5 a3 52. g4 a2 53. g5 Kc2 54. Qa1 Kb3 55. g6 1-0


[Site "https://www.chess.com"]

[Event "Titled Tuesday Blitz August 02 Early 2022"]
[White "Jubin Jimmy"]
[Black "Costachi, Mihnea"]
[WhiteFideId "46686614"]
[BlackFideId "1217518"]
[WhiteElo "2219"]
[BlackElo "2477"]
[Result "1-0"]
[Round "04"]
[TimeControl "180+1"]
[Date "2022.08.02"]
[WhiteClock "0:00:16"]
[BlackClock "0:00:14"]

1. d4 Nf6 2. c4 g6 3. g3 c5 4. d5 Bg7 5. Nc3 O-O 6. Bg2 d6 7. Nf3 a6 8. a4 e6 9. O-O exd5 10. cxd5 Re8 11. Nd2 Nbd7 12. Nc4 Ne5 13. Na3 b5 14. axb5 axb5 15. Ncxb5 Ba6 16. Nc3 Nc4 17. Nxc4 Bxc4 18. Rxa8 Qxa8 19. Bf4 Qa6 20. Re1 Ng4 21. Ne4 Ne5 22. Qd2 Rb8 23. Bh6 Bxh6 24. Qxh6 Nd7 25. Qf4 Rb6 26. Bh3 Nf8 27. Nf6+ Kh8 28. Qh6 Rb8 29. Bd7 Qa5 30. Rc1 Qd8 31. Ne8 Qxe8 32. Bxe8 Bxd5 33. Qxf8# 1-0


[Site "https://www.chess.com"]

[Event "Titled Tuesday Blitz August 02 Early 2022"]
[White "Kosteniuk, Alexandra"]
[Black "Makarian, Rudik"]
[WhiteFideId "4128125"]
[BlackFideId "44105681"]
[WhiteElo "2469"]
[BlackElo "2403"]
[Result "1-0"]
[Round "04"]
[TimeControl "180+1"]
[Date "2022.08.02"]
[WhiteClock "0:00:18"]
[BlackClock "0:00:01"]

1. e4 d6 2. d4 Nf6 3. Nc3 e5 4. Nf3 Nbd7 5. Rg1 h5 6. Bc4 Nb6 7. Bb3 Bg4 8. dxe5 Bxf3 9. Qxf3 dxe5 10. Bd2 c6 11. O-O-O Qc7 12. Bg5 Be7 13. h3 a5 14. a4 Nbd7 15. Bc4 Bb4 16. Ne2 Rf8 17. Ng3 O-O-O 18. Nxh5 Nb6 19. Bb3 Rxd1+ 20. Rxd1 Nxh5 21. Qxh5 Kb8 22. Be3 Nd7 23. Qg5 g6 24. c3 Bc5 25. Kb1 Bxe3 26. Qxe3 b6 27. h4 Nc5 28. Bc2 Ne6 29. g3 Kb7 30. Bb3 Nc5 31. Bc2 Qe7 32. f4 exf4 33. Qxf4 Re8 34. Rf1 Rf8 35. e5 Nd7 36. Re1 Re8 37. e6 Nc5 38. Rf1 fxe6 39. Bxg6 Rg8 40. h5 Ka6 41. Qc4+ b5 42. axb5+ cxb5 43. Qd4 Rd8 44. Qe5 Rd5 45. Qb8 Rd8 46. Qf4 Na4 47. Qe3 Qd6 48. Re1 Nb6 49. h6 e5 50. Bc2 Rh8 51. Rh1 Nc4 52. Qd3 Qc6 53. Qg6 1-0


[Site "https://www.chess.com"]

[Event "Titled Tuesday Blitz August 02 Early 2022"]
[White "Livaic, Leon"]
[Black "Piesik, Piotr"]
[WhiteFideId "14531534"]
[BlackFideId "1136194"]
[WhiteElo "2540"]
[BlackElo "2242"]
[Result "1-0"]
[Round "04"]
[TimeControl "180+1"]
[Date "2022.08.02"]
[WhiteClock "0:00:37"]
[BlackClock "0:00:46"]

1. e4 g6 2. d4 Bg7 3. Nf3 c6 4. Nc3 d6 5. h3 Nf6 6. Bd3 O-O 7. O-O Nbd7 8. Re1 e5 9. a4 Qc7 10. Be3 Re8 11. Qd2 exd4 12. Bxd4 Ne5 13. Nxe5 dxe5 14. Be3 Be6 15. a5 b5 16. axb6 axb6 17. Na4 Nd7 18. b3 Bf8 19. Rad1 b5 20. Nb2 Ra2 21. Rb1 Nc5 22. Red1 Rd8 23. Bg5 Be7 24. Bxe7 Qxe7 25. Qc3 Rd4 26. Ra1 Rxa1 27. Rxa1 b4 28. Qe1 Bxb3 29. Ra8+ Kg7 30. Qe3 Be6 31. f4 Qb7 32. Ra1 b3 33. fxe5 Qb4 34. Qf2 Nd7 35. cxb3 Nxe5 36. Ra4 Qxa4 37. bxa4 1-0


[Site "https://www.chess.com"]

[Event "Titled Tuesday Blitz August 02 Early 2022"]
[White "Madaminov, Mukhiddin"]
[Black "Demchenko, Anton"]
[WhiteFideId "14210703"]
[BlackFideId "4160258"]
[WhiteElo "2011"]
[BlackElo "2539"]
[Result "1-0"]
[Round "04"]
[TimeControl "180+1"]
[Date "2022.08.02"]
[WhiteClock "0:00:13"]
[BlackClock "0:00:01"]

1. d4 f5 2. Bg5 h6 3. Bh4 g5 4. e3 Nf6 5. Bg3 d6 6. h4 Rg8 7. hxg5 hxg5 8. c4 e6 9. Nc3 Qe7 10. Nf3 Bd7 11. Qb3 b6 12. O-O-O a6 13. c5 b5 14. cxd6 cxd6 15. Kb1 Ne4 16. Nxe4 fxe4 17. Nd2 Bc6 18. Rc1 Qd7 19. Be2 Bd5 20. Bh5+ Kd8 21. Qc2 Qb7 22. f3 exf3 23. gxf3 Nc6 24. a3 b4 25. Qa4 bxa3 26. Qxa3 Qb4 27. Qxb4 Nxb4 28. e4 Ba2+ 29. Ka1 Rc8 30. Rxc8+ Kxc8 31. b3 Be7 32. Bf7 Rf8 33. Bxe6+ Kb7 34. Kb2 Kb6 35. Nc4+ Kb5 36. Nxd6+ Ka5 37. Nc4+ Kb5 38. Bd7+ 1-0


[Site "https://www.chess.com"]

[Event "Titled Tuesday Blitz August 02 Early 2022"]
[White "Maksimovic, Bojan"]
[Black "Navarrete Mendez, Gonzalo Alberto"]
[WhiteFideId "14408120"]
[BlackFideId "5106850"]
[WhiteElo "2453"]
[BlackElo "2261"]
[Result "1-0"]
[Round "04"]
[TimeControl "180+1"]
[Date "2022.08.02"]
[WhiteClock "0:00:24"]
[BlackClock "0:00:02"]

1. d4 d5 2. c4 dxc4 3. Nf3 a6 4. a4 Nf6 5. Nc3 Nc6 6. e3 Bg4 7. Bxc4 e6 8. O-O Bd6 9. h3 Bh5 10. Be2 O-O 11. e4 Bxf3 12. Bxf3 Nxd4 13. Be3 Nxf3+ 14. Qxf3 Nd7 15. Rfd1 Qe7 16. Bd4 Be5 17. Bxe5 Nxe5 18. Qg3 Ng6 19. Rd3 Rfd8 20. Rad1 Rxd3 21. Qxd3 Nf4 22. Qf3 Ng6 23. Qd3 Nf4 24. Qg3 e5 25. Nd5 Qd6 26. Qf3 Nxd5 27. Rxd5 Qe6 28. Qd3 h5 29. Rd7 Rc8 30. b3 g6 31. Rd5 c6 32. Rd7 b5 33. Rd6 Qe8 34. a5 Kh7 35. Kh2 Rc7 36. Qc3 Qe7 37. Rxc6 Rxc6 38. Qxc6 Qb4 39. Qxa6 Qxe4 40. Qf6 Qb1 41. a6 Qxb3 42. Qf3 Qa2 43. Qb7 1-0


[Site "https://www.chess.com"]

[Event "Titled Tuesday Blitz August 02 Early 2022"]
[White "Manukyan, Sargis A."]
[Black "Szpar, Milosz"]
[WhiteFideId "13303970"]
[BlackFideId "1184989"]
[WhiteElo "2187"]
[BlackElo "2422"]
[Result "1-0"]
[Round "04"]
[TimeControl "180+1"]
[Date "2022.08.02"]
[WhiteClock "0:00:06"]
[BlackClock "0:00:03"]

1. d4 Nf6 2. c4 c5 3. d5 e6 4. Nc3 exd5 5. cxd5 d6 6. e4 g6 7. Bd3 Bg7 8. h3 O-O 9. Nf3 a6 10. a4 Nbd7 11. O-O Nh5 12. Bg5 Bf6 13. Be3 Re8 14. Qd2 Rb8 15. Rab1 Ne5 16. Be2 Nxf3+ 17. Bxf3 Ng7 18. b4 c4 19. a5 Bd7 20. Rfe1 Bb5 21. Rbc1 Rc8 22. Bg4 Rb8 23. Ba7 Ra8 24. Bd4 h5 25. Be2 Rc8 26. f4 Bxd4+ 27. Qxd4 Qh4 28. Rf1 f5 29. Bf3 fxe4 30. Bxe4 Nf5 31. Bxf5 gxf5 32. Rf3 Rc7 33. Kh2 Rce7 34. Rg3+ Kh7 35. Rf1 Rf7 36. Rg5 Re1 37. Rf3 Rfe7 38. Rfg3 Kh6 39. Qh8+ Rh7 40. Qf8+ Rg7 41. Qxg7# 1-0


[Site "https://www.chess.com"]

[Event "Titled Tuesday Blitz August 02 Early 2022"]
[White "Martinez Alcantara, Jose Eduardo"]
[Black "Lobanov, Sergei"]
[WhiteFideId "3805662"]
[BlackFideId "24183750"]
[WhiteElo "2703"]
[BlackElo "2524"]
[Result "1-0"]
[Round "04"]
[TimeControl "180+1"]
[Date "2022.08.02"]
[WhiteClock "0:00:11"]
[BlackClock "0:00:05"]

1. e4 e5 2. Nf3 Nc6 3. Bb5 a6 4. Ba4 Bc5 5. c3 Ba7 6. d4 Nf6 7. Bg5 h6 8. Bxf6 Qxf6 9. Bxc6 dxc6 10. Nxe5 c5 11. Nf3 cxd4 12. cxd4 Bg4 13. Nbd2 O-O 14. h3 Bh5 15. O-O Bxd4 16. Qb3 Rfd8 17. Rac1 c5 18. e5 Qf4 19. a4 Rab8 20. e6 fxe6 21. Rce1 Bf7 22. Nxd4 cxd4 23. Qd3 e5 24. Nf3 Re8 25. Re4 Qf6 26. Qe2 Bg6 27. Rxe5 d3 28. Qe3 Kh7 29. Rd1 b5 30. a5 b4 31. b3 Rbc8 32. Rxe8 Rxe8 33. Qd4 Qxd4 34. Nxd4 Re5 35. Nc6 Rb5 36. f3 Be8 37. Nd4 Rxa5 38. Kf2 1-0


[Site "https://www.chess.com"]

[Event "Titled Tuesday Blitz August 02 Early 2022"]
[White "Ohanyan, Emin"]
[Black "Melikyan, Gnel"]
[WhiteFideId "13312022"]
[BlackFideId "54109990"]
[WhiteElo "1927"]
[BlackElo "1772"]
[Result "1-0"]
[Round "04"]
[TimeControl "180+1"]
[Date "2022.08.02"]
[WhiteClock "0:00:11"]
[BlackClock "0:00:07"]

1. d4 d5 2. c4 dxc4 3. e4 e5 4. Nf3 Bb4+ 5. Nbd2 exd4 6. Bxc4 Nh6 7. O-O O-O 8. Nb3 Ng4 9. h3 Nf6 10. e5 Ne4 11. Nbxd4 Be7 12. Qc2 Nc5 13. Rd1 Qe8 14. Be3 Nc6 15. Nf5 Be6 16. Nxe7+ Qxe7 17. Ng5 g6 18. Bxc5 Qxg5 19. Bxe6 fxe6 20. Bxf8 Rxf8 21. Qe4 Rf4 22. Qe3 Nxe5 23. Kh1 Nf7 24. Rd7 Rc4 25. Qxe6 Qf4 26. Rad1 Rc6 27. Qe8+ Kg7 28. Rxf7+ Qxf7 29. Rd7 1-0


[Site "https://www.chess.com"]

[Event "Titled Tuesday Blitz August 02 Early 2022"]
[White "Olivares Olivares, Claudio"]
[Black "Aditya Mittal"]
[WhiteFideId "3400786"]
[BlackFideId "35042025"]
[WhiteElo "2249"]
[BlackElo "2303"]
[Result "0-1"]
[Round "04"]
[TimeControl "180+1"]
[Date "2022.08.02"]
[WhiteClock "0:00:01"]
[BlackClock "0:00:24"]

1. e4 c5 2. Nf3 d6 3. d4 cxd4 4. Nxd4 Nf6 5. Nc3 a6 6. Bc4 e6 7. Bb3 Nbd7 8. f4 Nc5 9. e5 dxe5 10. fxe5 Nfd7 11. Bf4 g5 12. Bg3 h5 13. h4 gxh4 14. Bxh4 Be7 15. Bg3 Rg8 16. Qf3 Nxb3 17. axb3 Bc5 18. Nxe6 Nxe5 19. Bxe5 Bxe6 20. Ne4 Be7 21. Rd1 Qa5+ 22. Bc3 Qf5 23. Rxh5 Qg4 24. Nf6+ Bxf6 25. Bxf6 Qxf3 26. gxf3 Rc8 27. c4 Rg1+ 28. Ke2 Rxd1 29. Kxd1 Kd7 30. Kd2 Rg8 31. Rg5 Re8 32. Rg1 Kc6 33. Re1 b5 34. Kc3 Rb8 35. Re5 Rg8 36. Be7 Rg3 0-1


[Site "https://www.chess.com"]

[Event "Titled Tuesday Blitz August 02 Early 2022"]
[White "Oparin, Grigoriy"]
[Black "Saydaliev, Saidakbar"]
[WhiteFideId "24125890"]
[BlackFideId "14203693"]
[WhiteElo "2639"]
[BlackElo "2265"]
[Result "0-1"]
[Round "04"]
[TimeControl "180+1"]
[Date "2022.08.02"]
[WhiteClock "0:00:19"]
[BlackClock "0:00:17"]

1. e4 e5 2. Nf3 Nc6 3. Bb5 a6 4. Ba4 Nf6 5. d3 b5 6. Bb3 Bc5 7. Bg5 h6 8. Bh4 d6 9. c3 Bb6 10. Nbd2 Be6 11. O-O g5 12. Bg3 Qd7 13. a4 O-O 14. Kh1 Nh5 15. Ne1 Bg4 16. Qc1 Be2 17. Bd5 Rab8 18. axb5 axb5 19. d4 exd4 20. cxd4 Nxd4 21. Nc2 Bxf1 22. Nxf1 c6 23. Ba2 Nxg3+ 24. Nxg3 Ra8 25. Ne3 Qe7 26. f3 d5 27. exd5 Nb3 28. Bxb3 Rxa1 29. Qxa1 Qxe3 30. Qd1 cxd5 31. h4 Rc8 32. Kh2 Qf4 0-1


[Site "https://www.chess.com"]

[Event "Titled Tuesday Blitz August 02 Early 2022"]
[White "Pranav Anand"]
[Black "Xiong, Jeffery"]
[WhiteFideId "46626786"]
[BlackFideId "2047640"]
[WhiteElo "2259"]
[BlackElo "2714"]
[Result "0-1"]
[Round "04"]
[TimeControl "180+1"]
[Date "2022.08.02"]
[WhiteClock "0:00:04"]
[BlackClock "0:00:05"]

1. Nf3 c5 2. g3 Nc6 3. Bg2 g6 4. O-O Bg7 5. e4 d6 6. d3 e5 7. Nc3 Nge7 8. Bg5 h6 9. Be3 O-O 10. Nd2 f5 11. f4 Kh7 12. Nc4 Be6 13. fxe5 Nxe5 14. Nxe5 Bxe5 15. Qd2 g5 16. Kh1 Qd7 17. Rae1 Rf7 18. Ne2 Raf8 19. c3 fxe4 20. Bxe4+ Kg8 21. Rxf7 Rxf7 22. d4 cxd4 23. Nxd4 Bd5 24. Qg2 Bxa2 25. Bxb7 Bc4 26. Be4 a5 27. b3 Bxd4 28. Bxd4 Bxb3 29. Kg1 a4 30. c4 Bxc4 31. Qc2 Bb3 32. Qb1 Qg4 33. Ba1 Qc8 34. Qb2 Qc5+ 35. Kh1 Kf8 36. Qh8+ Ng8 37. Bd4 Qa5 38. Rc1 Bd5 39. Bxd5 Qxd5+ 40. Kg1 Qe6 41. Rb1 Qe8 42. Bc3 a3 43. Re1 Qc8 44. Bd4 a2 45. Ra1 Qa8 46. Re1 Qa5 47. Bc3 Qa7+ 48. Bd4 Qa4 49. Ba1 Qc2 50. Qd4 Qc5 51. Qxc5 dxc5 52. Rc1 Rb7 53. Kf2 Rb1 54. Rxc5 Rxa1 55. Rf5+ Ke7 0-1


[Site "https://www.chess.com"]

[Event "Titled Tuesday Blitz August 02 Early 2022"]
[White "Sadubayev, Airat"]
[Black "Drygalov, Sergey"]
[WhiteFideId "13713264"]
[BlackFideId "24171743"]
[WhiteElo "2163"]
[BlackElo "2523"]
[Result "0-1"]
[Round "04"]
[TimeControl "180+1"]
[Date "2022.08.02"]
[WhiteClock "0:00:08"]
[BlackClock "0:00:55"]

1. d4 Nf6 2. c4 e6 3. g3 d5 4. Nf3 Bb4+ 5. Bd2 a5 6. Bg2 O-O 7. O-O dxc4 8. Bg5 b5 9. Ne5 Ra6 10. a4 c6 11. Nc3 Rb6 12. Ne4 Be7 13. Qc2 Bb7 14. Rfd1 Na6 15. axb5 cxb5 16. Rxa5 Nb4 17. Qb1 Nxe4 18. Bxe7 Qxe7 19. Bxe4 f5 20. Bxb7 Qxb7 21. e3 Ra8 22. Rxa8+ Qxa8 23. Rc1 Ra6 24. b3 Na2 25. Rc2 Nc3 26. Qb2 Ra1+ 0-1


[Site "https://www.chess.com"]

[Event "Titled Tuesday Blitz August 02 Early 2022"]
[White "Sarana, Alexey"]
[Black "Izoria, Zviad"]
[WhiteFideId "24133795"]
[BlackFideId "13601733"]
[WhiteElo "2666"]
[BlackElo "2626"]
[Result "0-1"]
[Round "04"]
[TimeControl "180+1"]
[Date "2022.08.02"]
[WhiteClock "0:00:05"]
[BlackClock "0:00:11"]

1. c4 Nf6 2. g3 g6 3. Bg2 Bg7 4. Nc3 O-O 5. d4 d6 6. Nf3 c6 7. O-O Qa5 8. e4 e5 9. d5 cxd5 10. cxd5 Bd7 11. a3 Rc8 12. Nd2 Qd8 13. Qe2 Na6 14. h3 h5 15. Kh2 Nc5 16. b4 Na4 17. Nd1 a6 18. Qf3 h4 19. Nb3 Bb5 20. Re1 Nh7 21. Na5 Qe7 22. Qg4 Bf6 23. Ne3 Kh8 24. Bd2 Bd7 25. Qe2 Bb5 26. Qg4 Bd7 27. Qf3 Ng5 28. Qe2 Nc3 29. Qd3 hxg3+ 30. fxg3 Bb5 31. Nac4 Na4 32. Qb3 Rc7 33. Rac1 Rac8 34. h4 Nh7 35. Bh3 Bd7 36. Bxd7 Qxd7 37. Kg2 Be7 38. Qd3 Qb5 39. Qb3 Nf6 40. Qb1 Rxc4 41. Nxc4 Rxc4 42. Bg5 Kg7 43. h5 Rxc1 44. Qxc1 gxh5 45. Bh4 Ng8 46. Bxe7 Nxe7 47. Qg5+ Ng6 48. Rf1 Qd7 49. Qf6+ Kg8 50. Rf5 Qe7 51. Qxe7 Nxe7 52. Rf6 Nc8 53. Rh6 Nc3 54. Kf3 Nb5 55. a4 Nd4+ 56. Kf2 Nc2 57. b5 axb5 58. axb5 Nd4 59. b6 Nb5 60. Ke3 Nxb6 61. Rxh5 Nd7 62. Rh6 Kf8 63. Rh8+ Ke7 64. g4 b6 65. g5 Nf8 66. Rh1 Nc7 67. Ra1 Nd7 68. Ra7 Nb5 69. Ra8 Nd4 70. Ra7 b5 71. Rb7 Ke8 72. Kd3 Nc5+ 73. Ke3 Nxb7 0-1


[Site "https://www.chess.com"]

[Event "Titled Tuesday Blitz August 02 Early 2022"]
[White "Seemann, Jakub"]
[Black "Abdrlauf, Elham"]
[WhiteFideId "21874697"]
[BlackFideId "1533533"]
[WhiteElo "2033"]
[BlackElo "2429"]
[Result "0-1"]
[Round "04"]
[TimeControl "180+1"]
[Date "2022.08.02"]
[WhiteClock "0:00:01"]
[BlackClock "0:00:04"]

1. d4 Nf6 2. c4 e6 3. Nc3 d5 4. Nf3 c6 5. g3 dxc4 6. Bg2 b5 7. Ne5 a6 8. O-O Bb7 9. e4 Nbd7 10. f4 Be7 11. Qe2 O-O 12. Be3 c5 13. d5 exd5 14. exd5 Bd6 15. Nc6 Qc7 16. Rae1 Rfe8 17. Qf3 Nb6 18. g4 Rac8 19. Bf2 Bxf4 20. Bxc5 Bd6 21. Bxd6 Qxd6 22. Rxe8+ Rxe8 23. g5 Bxc6 24. dxc6 Qc5+ 25. Kh1 Qxg5 26. c7 Nc8 27. Qc6 Qe5 28. Nd5 Nxd5 29. Bxd5 Rf8 30. Qd7 Nd6 31. Qc6 g6 32. Bxf7+ Kg7 33. Rg1 Nxf7 34. c8=Q Rxc8 35. Qxc8 Qxb2 36. Rg2 Qa1+ 37. Rg1 Qe5 38. Qxa6 Qd5+ 39. Rg2 Qd1+ 40. Rg1 Qd5+ 41. Rg2 c3 42. Qa7 Qd1+ 43. Rg1 Qd5+ 44. Rg2 Qd1+ 45. Rg1 c2 46. Qe3 Qd5+ 47. Rg2 Ne5 0-1


[Site "https://www.chess.com"]

[Event "Titled Tuesday Blitz August 02 Early 2022"]
[White "Seo, Jung Min"]
[Black "Rodchenkov, Sergey D."]
[WhiteFideId "1734687"]
[BlackFideId "4168712"]
[WhiteElo "2414"]
[BlackElo "2293"]
[Result "1-0"]
[Round "04"]
[TimeControl "180+1"]
[Date "2022.08.02"]
[WhiteClock "0:01:01"]
[BlackClock "0:00:02"]

1. d4 d5 2. c4 dxc4 3. Nf3 Nf6 4. e3 e6 5. Bxc4 c5 6. O-O a6 7. b3 Nbd7 8. Bb2 cxd4 9. Nxd4 Be7 10. Nd2 O-O 11. Rc1 Qa5 12. a3 Qg5 13. N2f3 Qh5 14. Be2 Qh6 15. b4 Bd8 16. Qb3 b6 17. Nc6 Bb7 18. Rfd1 Rc8 19. Nfd4 Kh8 20. a4 Bc7 21. h3 Qg5 22. Nf3 Qg6 23. Ne7 Qh6 24. Nxc8 Rxc8 25. Ne5 Nxe5 26. Rxc7 Qg6 27. Rxb7 Ne4 28. Bxe5 Qf5 29. Bg3 h5 30. Bf3 Nxg3 31. fxg3 Qg5 32. Rbd7 Kh7 33. h4 Qh6 34. Qd3+ g6 35. Qd4 Rf8 36. Qf4 Qg7 37. Re7 Kg8 38. Rdd7 Qa1+ 39. Kh2 Qg7 40. e4 e5 41. Qd2 Kh7 42. Qd5 Kg8 43. Be2 Kh7 44. Bxa6 b5 45. Bxb5 g5 46. Rxf7 g4 47. Rxg7+ Kh6 48. Rh7+ Kg6 49. Qe6+ Rf6 50. Rdg7# 1-0


[Site "https://www.chess.com"]

[Event "Titled Tuesday Blitz August 02 Early 2022"]
[White "Shimanov, Aleksandr"]
[Black "Kalashian, David"]
[WhiteFideId "4198603"]
[BlackFideId "13302418"]
[WhiteElo "2605"]
[BlackElo "2490"]
[Result "1-0"]
[Round "04"]
[TimeControl "180+1"]
[Date "2022.08.02"]
[WhiteClock "0:01:16"]
[BlackClock "0:00:01"]

1. e4 c6 2. Nf3 g6 3. d4 Bg7 4. h3 d6 5. c4 Nd7 6. Nc3 e5 7. d5 c5 8. g4 a6 9. Rg1 Ne7 10. Be3 O-O 11. Bd3 b5 12. cxb5 Nb6 13. a4 axb5 14. Bxb5 Ba6 15. Nd2 Bxb5 16. axb5 Rxa1 17. Qxa1 f5 18. f3 fxe4 19. fxe4 Nec8 20. Ke2 Qh4 21. Rh1 Qe7 22. Rf1 Qh4 23. Rxf8+ Bxf8 24. Qf1 Qg3 25. Qf3 Qh2+ 26. Kf1 Be7 27. Ne2 Bh4 28. Bg1 1-0


[Site "https://www.chess.com"]

[Event "Titled Tuesday Blitz August 02 Early 2022"]
[White "Shipov, Sergei"]
[Black "Kamsky, Gata"]
[WhiteFideId "4113624"]
[BlackFideId "2000024"]
[WhiteElo "2786"]
[BlackElo "2645"]
[Result "0-1"]
[Round "04"]
[TimeControl "180+1"]
[Date "2022.08.02"]
[WhiteClock "0:00:53"]
[BlackClock "0:00:35"]

1. d4 Nf6 2. c4 e6 3. Nc3 Bb4 4. Qc2 c5 5. dxc5 O-O 6. a3 Bxc5 7. Bf4 Nh5 8. Bd2 Nc6 9. Nf3 b6 10. e3 Bb7 11. Bd3 f5 12. O-O-O Nf6 13. Kb1 Rc8 14. Bc1 Be7 15. b4 Qc7 16. Bb2 Qb8 17. Qe2 Kh8 18. h3 a5 19. b5 Nd8 20. Na4 Nf7 21. Nxb6 Bxf3 22. Qxf3 Qxb6 23. g4 d5 24. Rc1 Nd6 25. g5 Nfe4 26. Qh5 Kg8 27. g6 h6 28. cxd5 Nxb5 29. Bxb5 Qxb5 30. Ka1 Qxd5 31. Rxc8 Rxc8 32. Rd1 Qb3 33. Rd7 Bf6 0-1


[Site "https://www.chess.com"]

[Event "Titled Tuesday Blitz August 02 Early 2022"]
[White "Sjugirov, Sanan"]
[Black "Perera Alfonso, Rene Humberto"]
[WhiteFideId "4189302"]
[BlackFideId "3514722"]
[WhiteElo "2609"]
[BlackElo "2313"]
[Result "0-1"]
[Round "04"]
[TimeControl "180+1"]
[Date "2022.08.02"]
[WhiteClock "0:00:01"]
[BlackClock "0:01:02"]

1. e4 c5 2. Nf3 d6 3. Bb5+ Bd7 4. Bxd7+ Qxd7 5. O-O Nc6 6. Re1 Nf6 7. c3 e6 8. d4 cxd4 9. cxd4 d5 10. e5 Ne4 11. Nbd2 Nxd2 12. Bxd2 Be7 13. g3 O-O 14. h4 Rfc8 15. Kg2 Nb4 16. Bc3 b5 17. h5 h6 18. Qe2 Rab8 19. g4 Nc6 20. Bd2 b4 21. Be3 Na5 22. g5 Qb5 23. gxh6 Qxe2 24. Rxe2 gxh6 25. Bxh6 Rc4 26. Kh3 Kh7 27. Bg5 Bf8 28. Rg1 Nc6 29. Rg4 b3 30. a3 Rc2 31. Bf6 Bh6 32. Re1 Rg8 33. Rxg8 Kxg8 34. Rg1+ Kh7 35. Ng5+ Bxg5 36. Rxg5 Nxd4 37. Rg7+ Kh6 38. Rxf7 Kxh5 39. Rxa7 Rxb2 40. Rh7+ Kg6 41. Rg7+ Kf5 0-1


[Site "https://www.chess.com"]

[Event "Titled Tuesday Blitz August 02 Early 2022"]
[White "Sorkin, Igor"]
[Black "Itgelt, Khuyagtsogt"]
[WhiteFideId "2803283"]
[BlackFideId "4902912"]
[WhiteElo "2401"]
[BlackElo "2012"]
[Result "0-1"]
[Round "04"]
[TimeControl "180+1"]
[Date "2022.08.02"]
[WhiteClock "0:00:17"]
[BlackClock "0:00:04"]

1. d4 e6 2. Nf3 Nf6 3. Bf4 c5 4. e3 d5 5. Nbd2 Bd6 6. c3 cxd4 7. Bxd6 dxe3 8. Ba3 exd2+ 9. Qxd2 Ne4 10. Qf4 Qf6 11. Qc7 Nc6 12. Bb5 Qd8 13. Bxc6+ bxc6 14. Qxc6+ Bd7 15. Qa6 Qb6 16. Qxb6 axb6 17. O-O f6 18. Rfe1 Kf7 19. c4 Rhc8 20. cxd5 exd5 21. Rad1 Bc6 22. Nd4 Ba4 23. Rc1 Bd7 24. Nb3 Rxc1 25. Rxc1 Rc8 26. Rxc8 Bxc8 27. f3 Ng5 28. Kf2 Ba6 29. Nd4 Ne6 30. Nf5 Ke8 31. b3 Kd7 32. g3 Bd3 33. Ne3 Kc6 34. Bb2 b5 35. b4 d4 36. Nd1 Bb1 37. f4 Kd5 38. a3 Bc2 39. Ke2 Bxd1+ 40. Kxd1 Kc4 41. Kd2 f5 42. h3 g6 43. Bc1 Nc7 44. Kc2 Nd5 45. Bd2 d3+ 46. Kb2 Nf6 47. Be3 Ne4 48. g4 Nc3 49. Kc1 Nd5 50. Bd2 Kb3 51. gxf5 gxf5 52. h4 Kxa3 53. h5 Kb3 54. Kd1 Nxb4 55. Ke1 Kc2 56. Kf2 Kxd2 57. Kf3 Nc2 0-1


[Site "https://www.chess.com"]

[Event "Titled Tuesday Blitz August 02 Early 2022"]
[White "Srihari L R"]
[Black "Sevian, Samuel"]
[WhiteFideId "46617116"]
[BlackFideId "2040506"]
[WhiteElo "2170"]
[BlackElo "2692"]
[Result "0-1"]
[Round "04"]
[TimeControl "180+1"]
[Date "2022.08.02"]
[WhiteClock "0:00:05"]
[BlackClock "0:01:16"]

1. d4 d5 2. c4 c6 3. Nf3 Nf6 4. g3 Bf5 5. Nc3 e6 6. Qb3 dxc4 7. Qxc4 Nbd7 8. Bg2 Be7 9. O-O O-O 10. e3 a5 11. Qe2 a4 12. e4 Bg6 13. a3 Re8 14. Bf4 Qa5 15. Rad1 Nb6 16. Ne5 Nfd7 17. h4 Nxe5 18. Bxe5 f6 19. Bc7 Rec8 20. Bxb6 Qxb6 21. d5 e5 22. d6 Bf8 23. Bh3 Rd8 24. Be6+ Kh8 25. h5 Bxh5 26. Qxh5 g6 27. Qf3 Kg7 28. d7 Qxb2 29. Kg2 Qxa3 30. Rh1 Qe7 31. Ba2 Rxd7 32. Rxd7 Qxd7 33. Rd1 Qe8 34. Qd3 b5 35. Qc2 Rd8 36. Rxd8 Qxd8 37. Nxa4 bxa4 38. Qxc6 a3 39. Qc4 Be7 40. Qf7+ Kh6 41. Bd5 Bc5 42. f4 exf4 43. gxf4 Qb8 44. Qxf6 Qb2+ 45. Qxb2 axb2 46. Ba2 Kh5 47. Kf3 Kh4 48. Bb1 h6 49. e5 g5 50. f5 g4+ 51. Kg2 Kg5 52. f6 h5 53. f7 h4 54. e6 h3+ 55. Kg3 Bd6+ 56. Kf2 g3+ 57. Kf3 g2 0-1


[Site "https://www.chess.com"]

[Event "Titled Tuesday Blitz August 02 Early 2022"]
[White "Steinberg, Nitzan"]
[Black "Vlassov, Nikolai"]
[WhiteFideId "2801795"]
[BlackFideId "4103360"]
[WhiteElo "2471"]
[BlackElo "2324"]
[Result "1-0"]
[Round "04"]
[TimeControl "180+1"]
[Date "2022.08.02"]
[WhiteClock "0:00:59"]
[BlackClock "0:00:50"]

1. Nf3 c5 2. e4 d6 3. d4 cxd4 4. Qxd4 Nf6 5. Bg5 Nc6 6. Qe3 Ng4 7. Qd2 h6 8. Bh4 g5 9. Bg3 Bg7 10. c4 Qa5 11. Nc3 Bxc3 12. bxc3 Be6 13. h4 gxh4 14. Rxh4 O-O-O 15. Rb1 a6 16. Be2 Nge5 17. Qb2 Rd7 18. Nd2 h5 19. Rh1 Ng6 20. f4 h4 21. Bh2 f5 22. Bf3 fxe4 23. Bxe4 Bf5 24. Bxc6 Bxb1 25. Bxd7+ Kxd7 26. Qxb7+ Ke8 27. Qxb1 Qxc3 28. Qxg6+ Kd8 29. Ke2 h3 30. g4 1-0


[Site "https://www.chess.com"]

[Event "Titled Tuesday Blitz August 02 Early 2022"]
[White "Swiercz, Dariusz"]
[Black "Nguyen, Quoc Hy"]
[WhiteFideId "1126881"]
[BlackFideId "12410853"]
[WhiteElo "2627"]
[BlackElo "1938"]
[Result "1/2-1/2"]
[Round "04"]
[TimeControl "180+1"]
[Date "2022.08.02"]
[WhiteClock "0:00:07"]
[BlackClock "0:00:08"]

1. d4 d5 2. Bf4 Nf6 3. e3 c5 4. Nf3 Nc6 5. c3 Bg4 6. Nbd2 e6 7. Qb3 Qb6 8. Qxb6 axb6 9. Ne5 Nxe5 10. Bxe5 Nd7 11. Bb5 Kd8 12. Bg3 f6 13. O-O g5 14. a4 h5 15. h3 h4 16. Bh2 Bh5 17. Rfe1 g4 18. hxg4 Bxg4 19. f3 Bh5 20. Kf2 Bh6 21. Bf4 e5 22. Bxh6 Rxh6 23. Rh1 Bf7 24. Rh2 Nf8 25. Nb3 c4 26. Nd2 Ng6 27. b3 cxb3 28. Nxb3 Rc8 29. Rc1 Ke7 30. Nd2 Be6 31. Bd3 f5 32. dxe5 Nxe5 33. Bb5 Bd7 34. Ke2 Bxb5+ 35. axb5 Rc5 36. Rch1 Rxb5 37. Rxh4 Rxh4 38. Rxh4 Rb2 39. Rb4 Rxb4 40. cxb4 Nc6 41. b5 Na7 42. Kd3 Nxb5 43. Nb3 Ke6 44. Nd4+ Nxd4 45. Kxd4 Kd6 46. g4 fxg4 47. fxg4 b5 48. g5 b4 49. g6 Ke6 50. e4 dxe4 51. Kxe4 Kf6 52. Kd4 b5 53. Kd3 Kxg6 54. Kc2 Kf5 55. Kb3 Ke5 56. Kxb4 Kd6 57. Kxb5 1/2-1/2


[Site "https://www.chess.com"]